 Dungeon Crawl Stone Soup version 0.19-a0-1907-gcff654f (webtiles) character file.

28 Ijustatesigmund the Sneak (level 3, -1/25 HPs)
             Began as a Naga Wizard on Oct 21, 2016.
             Slain by Terence
             ... wielding a +3 mace of crushing
              (8 damage)
             ... on level 1 of the Dungeon.
             The game lasted 00:02:34 (1421 turns).

Ijustatesigmund the Sneak (Naga Wizard)             Turns: 1421, Time: 00:02:35

Health: -1/25      AC:  3    Str:  9    XL:     3   Next: 12%
Magic:  2/7        EV: 10    Int: 20    God:
Gold:   21         SH:  0    Dex: 10    Spells: 4 memorised, 0 levels left

rFire  . . .     SeeInvis +     e - +0 spear
rCold  . . .     Gourm    .     a - +0 robe
rNeg   . . .     Faith    .     (no shield)
rPois  +         Spirit   .     b - +0 hat
rElec  .         Reflect  .     (no cloak)
rCorr  .         Harm     .     (no gloves)
MR     .....                    (no barding)
Stlth  ++........               (no amulet)
                                (no ring)
                                (no ring)

@: very slightly contaminated, repel missiles, very slow
A: see invisible, clever 1, deformed body, frail 1, poison resistance, shaggy
fur 1, slowness 2, slow metabolism 1, spit poison 1, AC +1
a: Spit Poison


You were on level 1 of the Dungeon.
You were hungry.

You visited 1 branch of the dungeon, and saw 2 of its levels.

You collected 21 gold pieces.

Inventory:

Hand Weapons
 e - a +0 spear (weapon)
Armour
 a - a +0 robe (worn)
 b - a +0 hat (worn)
Scrolls
 f - 4 scrolls of identify {unknown}
 h - 2 scrolls of random uselessness {unknown}
 k - a scroll of fog {unknown}
 m - a scroll of teleportation {unknown}
 n - a scroll of enchant weapon {unknown}
Potions
 g - a potion of heal wounds {unknown}
 i - a potion of mutation
 l - a potion of curing {unknown}
Books
 c - a book of Minor Magic

   Spells                             Type                      Level
   a - Magic Dart                     Conjuration                  1
   b - Blink                          Translocation                2
   c - Call Imp                       Summoning                    2
   d - Repel Missiles                 Charms/Air                   2
   e - Slow                           Hexes                        2
   f - Conjure Flame                  Conjuration/Fire             3
   g - Mephitic Cloud                 Conjuration/Poison/Air       3
Comestibles
 d - a bread ration
 j - a meat ration


   Skills:
 - Level 1.5 Dodging
 - Level 3.0 Stealth
 - Level 3.0 Spellcasting
 + Level 3.0 Conjurations
   Level 1.0 Summonings
 - Level 1.0 Translocations


You couldn't memorise any spells.
You knew the following spells:

 Your Spells              Type           Power        Failure   Level  Hunger
a - Magic Dart            Conj           ###.         4%          1    None
b - Blink                 Tloc           N/A          17%         2    ##.....
c - Repel Missiles        Chrm/Air       #.....       24%         2    ##.....
d - Mephitic Cloud        Conj/Pois/Air  #.......     30%         3    ###....


Dungeon Overview and Level Annotations

Branches:
Dungeon (2/15)

Altars:

Annotations:
D:1 Terence


Innate Abilities, Weirdness & Mutations

You cannot wear boots.
Your serpentine skin is tough. (AC +1)
You have supernaturally acute eyesight. (SInv)
Armour fits poorly on your strangely shaped body.
Your system is resistant to poisons. (rPois)
You cover ground very slowly.
You have a slow metabolism.
You can spit poison.
Your mind is acute. (Int +2)
You are frail. (-10% HP)
You are covered in fur. (AC +1)


Message History

Aiming: Mephitic Cloud
Press: ? - help, Shift-Dir - straight line, f - Terence
Aim: Terence, wielding a mace of crushing and wearing a scale mail You miscast Mephitic Cloud.
You are very lightly contaminated with residual magic.
You feel odd.
It was a potion of mutation.
You feel extremely strange.
You feel clever. Fur sprouts all over your body.
You feel frail.
You hit Terence.
Terence is lightly wounded.
Terence screams, "I'm going to kill you!"
Terence hits you with a mace of crushing!
* * * LOW HITPOINT WARNING * * *
You barely miss Terence.
Terence is lightly wounded.
Terence hits you but does no damage.
You barely miss Terence.
Terence is lightly wounded.
Terence hits you with a mace of crushing!
You die...

######.#.........................
.......#....#######.##.#.########
########....#######.##.#.########
...##............##'##.#.........
...##.....#......#...#.#.........
...##.....#>.....'...#.#.........
#####.....#......#...#.#.........
#.....#......#...#.#..)......
#######....@@#...#.#.........
#......#...#.#.........
#.######...#.#.######## #.#
########.#.#
#.###.########.########
###########....รท.................
.............##.########.########
############.#................#
....# #.##.#########.###)#


You could see Terence.

Vanquished Creatures
  An adder (D:2)
  2 giant cockroaches
  2 goblins (D:1)
  3 hobgoblins (D:1)
  3 bats (D:1)
  4 frilled lizards (D:1)
  2 kobolds (D:1)
  3 rats (D:1)
20 creatures vanquished.

Notes
Turn   | Place    | Note
-------+----------+-------------------------------------------
     0 | D:1      | Ijustatesigmund the Naga Wizard began the quest for the Orb.
     0 | D:1      | Reached XP level 1. HP: 15/15 MP: 4/4
   506 | D:1      | Reached XP level 2. HP: 20/22 MP: 0/6
   516 | D:1      | Learned a level 2 spell: Blink
   519 | D:1      | Learned a level 2 spell: Repel Missiles
  1340 | D:2      | Reached XP level 3. HP: 28/28 MP: 0/7
  1345 | D:2      | Learned a level 3 spell: Mephitic Cloud
  1406 | D:2      | Noticed Terence
  1418 | D:1      | Gained mutation: Your mind is acute. (Int +2) [potion of mutation]
  1418 | D:1      | Gained mutation: You are covered in fur. (AC +1) [potion of mutation]
  1418 | D:1      | Gained mutation: You are frail. (-10% HP) [potion of mutation]
  1421 | D:1      | Slain by Terence

Vault maps used:
D:1:      dpeg_arrival_lava_temple_mockup, item_on_display_a
D:2:      regret_index_temple_of_mockery, nicolae_ru_great_annihilating_truth,
          uniq_terence, uniq_sigmund, uniq_robin

Skill      XL: |  1  2 |
---------------+-------+-----
Conjurations   | 2 3 |  3.0
Dodging        | |  1.5
Stealth        | |  3.0
Spellcasting   | |  3.0
Summonings     | |  1.0
Translocations | |  1.0

Action                   || total
-------------------------++-------
Melee: Spear             ||    23
 Cast: Magic Dart        ||    36
       Repel Missiles    ||     1
       Blink             ||     1
 Abil: Spit Poison       ||     2
  Use: Potion            ||     1
 Stab: Sleeping          ||     1
Armor: Robe              ||     4
Dodge: Dodged            ||    14
